 Dungeon Crawl Stone Soup version 0.28-a0-8-g6e044cfa68 (webtiles) character file.

Game seed: 3739267292682145452

5398 flyleaff the Vexing (level 10, -5/114 HPs)
             Began as a Barachi Arcane Marksman on July 23, 2021.
             Was an Initiate of Gozag.
             Slain by a two-headed ogre (18 damage)
             ... on level 9 of the Dungeon.
             The game lasted 00:44:52 (11036 turns).

flyleaff the Vexing (Barachi Arcane Marksman)      Turns: 11036, Time: 00:44:53

Health: -5/114     AC:  8    Str: 22    XL:     10   Next: 66%
Magic:  19/19      EV: 13    Int: 18    God:    Gozag
Gold:   1069       SH:  0    Dex: 14    Spells: 12/22 levels left

rFire   x . .      SeeInvis +   b - +6 short sword (drain)
rCold   . . .      Faith    .   (no shield)
rNeg    . . .      Spirit   .   t - +2 ring mail of Lifelessness {rF- Str+5 Int+2}
rPois   .          Reflect  .   (no helmet)
rElec   .          Harm     .   (no cloak)
rCorr   .          Rampage  .   (no gloves)
Will    .....                   (no boots)
Stlth   ..........              (no amulet)
HPRegen 0.29/turn               j - ring of see invisible
MPRegen 0.16/turn               k - +6 ring of strength

@: berserking, gold aura, quick
A: amphibious, slowness 1, strong legs 1, +LOS
a: Hop, Renounce Religion, Potion Petition, Call Merchant, Bribe Branch


You were on level 9 of the Dungeon.
You worshipped Gozag.
Gozag was most pleased with you.
You visited 2 branches of the dungeon, and saw 10 of its levels.

You collected 1107 gold pieces.
You paid 38 gold pieces to Gozag.

Inventory:

Hand Weapons
 a - a +1 hunting sling
 b - a +6 short sword of draining (weapon)
 f - a +1 dagger of venom
 L - a +0 flail of protection
Missiles
 c - 145 sling bullets
 q - 229 stones (quivered)
Armour
 d - a +0 robe
 e - a +1 plate armour
 t - the +2 ring mail of Lifelessness (worn) {rF- Str+5 Int+2}
   (You found it on level 4 of the Dungeon)

   Str:       It affects your strength (+5).
   Int:       It affects your intelligence (+2).
   rF:        It makes you vulnerable to fire.
 w - a +3 leather armour of poison resistance
 z - the +2 robe of Refuge {rF+}
   (You took it off a crimson imp on level 6 of the Dungeon)

   rF:        It protects you from fire.
 B - a +0 pair of gloves
Jewellery
 j - a ring of see invisible (left hand)
 k - a +6 ring of strength (right hand)
 o - a +4 ring of evasion
 s - a ring of protection from fire
 G - an amulet of the acrobat
 J - a ring of protection from fire
Wands
 r - a wand of flame (45)
 v - a wand of acid (1)
 y - a wand of iceblast (4)
Scrolls
 h - 2 scrolls of magic mapping
 m - a scroll of amnesia
 x - 2 scrolls of fear
 C - 4 scrolls of teleportation
 K - a scroll of fog
Potions
 g - 2 potions of flight
 i - 4 potions of lignification
 l - a potion of brilliance
 n - 3 potions of cancellation
 p - 2 potions of might {unknown}
 A - a potion of resistance
 E - a potion of ambrosia
 F - a potion of invisibility {unknown}


   Skills:
 - Level 6.2 Fighting
 - Level 5.1 Short Blades
 + Level 5.7 Slings
 - Level 6.3 Armour
 - Level 5.8 Dodging
 - Level 6.6 Spellcasting
 - Level 7.0 Hexes
 - Level 6.1 Translocations


You had 12 spell levels left.
You knew the following spells:

 Your Spells              Type           Power      Damage    Failure   Level
a - Corona                Hex            34%        N/A       1%          1
b - Portal Projectile     Hex/Tloc       58%        N/A       3%          3
c - Slow                  Hex            31%        N/A       1%          2
d - Cause Fear            Hex            15%        N/A       10%         4

Your spell library contained the following spells:

 Spells                   Type           Power      Damage    Failure   Level
 Inner Flame              Hex/Fire       18%        N/A       12%         3


Dungeon Overview and Level Annotations

Branches:
Dungeon (9/15)             Temple (1/1) D:4            Lair (0/6) D:8
    Orc: D:9-12

Altars:
Ashenzari
Cheibriados
Dithmenos
Elyvilon
Fedhas
Gozag
Hepliaklqana
Kikubaaqudgha
Makhleb
Nemelex Xobeh
Qazlal
Ru
Sif Muna
Trog
Uskayaw
Vehumet
Wu Jian
Xom
Yredelemnul
Zin
The Shining One

Shops:
D:6 (


Innate Abilities, Weirdness & Mutations

You are amphibious.
You cover ground slowly.
You can hop short distances.
You have an extended range of vision and can be seen from far away.


Message History

The unseen horror hits you.
A red film seems to cover your vision as you go berserk!
You feel yourself moving faster!
You feel mighty! The unseen horror hits you!
You are too injured to fight recklessly!
You are too injured to fight recklessly!
You are too injured to fight recklessly!
You are too injured to fight recklessly!
You are too injured to fight recklessly!
You puncture the unseen horror! You drain the unseen horror.
The unseen horror is almost dead.
The unseen horror hits you but does no damage.
The orc wizard gestures wildly while chanting.
The orc wizard flickers and vanishes for a moment.
The unseen horror hits you.
You hit the unseen horror.
The unseen horror is almost dead.
The unseen horror hits you.
You barely miss the unseen horror.
The unseen horror is almost dead.
The unseen horror hits you.
You hit the unseen horror.
You kill the unseen horror!
The two-headed ogre hits you with a +0 giant club!
* * * LOW HITPOINT WARNING * * *
The two-headed ogre completely misses you.
You see here 7 gold pieces.
You hit the two-headed ogre.
The two-headed ogre is lightly wounded.
You hit the two-headed ogre.
The two-headed ogre is lightly wounded.
The two-headed ogre closely misses you. The two-headed ogre barely misses you.
You hit the two-headed ogre.
The two-headed ogre is moderately wounded.
You closely miss the two-headed ogre.
The two-headed ogre is moderately wounded.
The orc warrior hits you with a +0 long sword!
* * * LOW HITPOINT WARNING * * *
The two-headed ogre hits you with a +0 giant club!!
You die...
Your body crumbles into a pile of gold.

######.........
##...o'.........
###..o.##.........
#.+.....#.........
#.#.....#...o.....
#......##...o.....
#o#...#.+.........
#O#.###.#.....o...
#@#.# >+.........
#o#.# .#...######
#....o.# ......
#.##.### # #.# ..#
###


You could see a two-headed ogre, an orc warrior, an orc wizard (invisible) and
an orc.

Vanquished Creatures
  A hydra (D:7)
  Pikel (D:5)
  An unseen horror (D:9)
  5 yaks (D:8)
  A wyvern (D:8)
  A basilisk (D:8)
  Grum (D:8)
  Edmund (D:5)
  A black bear (D:8)
  2 sky beasts
  An ogre (D:3)
  3 centaurs
  4 lemures (D:5)
  3 wolves (D:7)
  2 bullfrogs
  Blork the orc (D:5)
  4 scorpions
  2 water moccasin zombies
  13 wights
  4 crimson imps (D:6)
  2 bullfrog zombies
  A hound (D:5)
  A jelly (D:5)
  A centaur skeleton (D:6)
  2 orc priests
  2 gnoll shamans
  2 iguanas
  Ijyb (D:3)
  5 orc wizards
  A killer bee zombie (D:6)
  A hound skeleton (D:4)
  9 gnolls
  A howler monkey skeleton (D:5)
  7 adders
  A white imp (D:8)
  An ufetubus (D:5)
  3 worms
  4 dart slugs
  22 orcs
  4 ball pythons
  4 endoplasms
  14 goblins
  7 hobgoblins
  8 jackals
  4 quokkas
  6 bats
  2 frilled lizards
  4 kobolds
  10 rats
182 creatures vanquished.

Vanquished Creatures (others)
  A plant (D:8)
1 creature vanquished.

Grand Total: 183 creatures vanquished

Notes
Turn   | Place    | Note
-------+----------+-------------------------------------------
     0 | D:1      | flyleaff the Barachi Arcane Marksman began the quest for
                  | the Orb.
     0 | D:1      | Reached XP level 1. HP: 15/15 MP: 2/2
   135 | D:1      | Reached XP level 2. HP: 15/21 MP: 4/4
   261 | D:1      | Reached skill level 1 in Armour
   577 | D:1      | Found a faded altar of an unknown god.
   654 | D:1      | Reached XP level 3. HP: 26/26 MP: 5/5
   665 | D:1      | Learned a level 3 spell: Portal Projectile
  1719 | D:2      | Reached XP level 4. HP: 17/32 MP: 4/7
  2164 | D:3      | Found a basalt altar of Yredelemnul.
  2337 | D:3      | Reached XP level 5. HP: 19/37 MP: 4/8
  2565 | D:3      | Noticed an ogre
  2571 | D:3      | Learned a level 2 spell: Slow
  2581 | D:3      | Killed an ogre
  2677 | D:3      | Reached XP level 6. HP: 43/43 MP: 10/10
  2694 | D:3      | Found a sparkling altar of Nemelex Xobeh.
  3510 | D:3      | Noticed Ijyb
  3531 | D:3      | HP: 1/43 [acid (10)]
  3538 | D:3      | Killed Ijyb
  3898 | D:4      | Found a stormy altar of Qazlal.
  3922 | D:4      | Found a staircase to the Ecumenical Temple.
  3928 | Temple   | Entered the Ecumenical Temple
  3998 | Temple   | Became a worshipper of Gozag Ym Sagoz the Greedy
  4088 | D:4      | Found a blossoming altar of Fedhas.
  4112 | D:4      | Reached skill level 1 in Short Blades
  4397 | D:4      | Found a snail-covered altar of Cheibriados.
  4401 | D:4      | Reached XP level 7. HP: 50/50 MP: 11/11
  4454 | D:4      | Found a radiant altar of Vehumet.
  4614 | D:4      | Identified the +2 ring mail of Lifelessness {rF- Str+5
                  | Int+2}
  4709 | D:5      | Entered Level 5 of the Dungeon
  4709 | D:5      | Noticed Pikel
  4968 | D:5      | Killed Pikel
  4969 | D:5      | Reached skill level 5 in Short Blades
  4969 | D:5      | Reached XP level 8. HP: 46/60 MP: 5/12
  4974 | D:5      | Learned a level 4 spell: Cause Fear
  5144 | D:5      | Reached skill level 1 in Translocations
  5176 | D:5      | Noticed Blork the orc
  5194 | D:5      | Killed Blork the orc
  5396 | D:5      | Found a glowing silver altar of Zin.
  5396 | D:5      | Noticed an angel
  5515 | D:5      | Reached skill level 4 in Hexes
  5556 | D:5      | Noticed Edmund
  5583 | D:5      | Killed Edmund
  6088 | D:6      | Found a shimmering altar of Xom.
  6168 | D:6      | Reached skill level 5 in Hexes
  6171 | D:6      | Reached XP level 9. HP: 49/65 MP: 16/16
  6296 | D:6      | Found Olyduex's Weapon Emporium.
  6347 | D:6      | Reached skill level 5 in Spellcasting
  6556 | D:6      | Identified the +2 robe of Refuge {rF+}
  7296 | D:7      | Reached skill level 6 in Hexes
  7485 | D:7      | Noticed a four-headed hydra
  7496 | D:7      | Killed a four-headed hydra
  7497 | D:7      | Reached skill level 5 in Translocations
  7718 | D:7      | Reached skill level 7 in Hexes
  8402 | D:7      | Reached XP level 10. HP: 41/72 MP: 19/19
  8686 | D:8      | Reached skill level 5 in Armour
  8708 | D:8      | Reached skill level 5 in Fighting
  8790 | D:8      | Found a staircase to the Lair.
  8888 | D:8      | Reached skill level 5 in Dodging
  9793 | D:8      | Noticed Grum
  9861 | D:7      | Upgraded the game from 0.28-a0-2-g643f2454ad to
                  | 0.28-a0-8-g6e044cfa68
 10416 | D:8      | Killed Grum
 10966 | D:8      | Reached skill level 5 in Slings
 11008 | D:9      | Noticed an unseen horror
 11010 | D:9      | Noticed a two-headed ogre
 11031 | D:9      | Killed an unseen horror
 11036 | D:9      | Slain by a two-headed ogre

Illustrated notes

Levels and vault maps discovered:
D:1:      dpeg_arrival_simpleton_b, layout_basic,
          hellmonk_ecumenical_altar_heavens_door, minmay_unequal
D:2:      layout_basic, minmay_misc_feat_iff
D:3:      kennysheep_goblin_castle, layout_basic,
          mainiacjoe_overflow_concentric_impassable,
          mainiacjoe_overflow_alcove_4, nrook_loot_triangle,
          minmay_misc_feat_five, kennysheep_generic_room_7
D:4:      layout_basic, marbit_many_paths, fedhas_altar_3,
          kennysheep_little_box, slow_altar_1, temple_fountains
D:5:      layout_basic, zin_angel, minmay_misc_feat_roman, uniq_edmund,
          uniq_ijyb, uniq_blork_the_orc, uniq_pikel
D:6:      layout_basic, led_xom_imps, serial_shops, nicolae_shop_crystal,
          st_stairs_4
D:7:      layout_basic
D:8:      layout_rooms, david_lair_generic, minivault_14, uniq_grum
D:9:      layout_basic, uniq_psyche
Temple:   dshaligram_water_room_temple

Skill      XL: |  1  2  3  4  5  6  7  8  9 10 |
---------------+-------------------------------+-----
Armour         | 1 2 4 6 |  6.3
Dodging        | 3 4 5 |  5.8
Spellcasting   | 2 3 4 6 |  6.6
Slings         | 3 4 5 |  5.7
Fighting       | 2 4 6 |  6.2
Short Blades   | 2 5 |  5.1
Translocations | 3 6 |  6.1
Hexes          | 5 7 |  7.0

Action                   |  1- 3 |  4- 6 |  7- 9 | 10-12 || total
-------------------------+-------+-------+-------+-------++-------
Melee: Dagger            |     8 |    16 |       |       ||    24
       Short sword       |       |    39 |   159 |   105 ||   303
 Fire: Hunting sling     |    90 |   101 |   150 |   134 ||   475
 Cast: Corona            |    22 |    16 |     5 |     7 ||    50
       Slow              |       |    14 |    17 |     6 ||    37
       Portal Projectile |       |       |     4 |    10 ||    14
       Cause Fear        |       |       |       |     3 ||     3
 Abil: Hop               |       |     2 |     3 |       ||     5
Evoke: Wand              |       |       |    14 |       ||    14
  Use: Scroll            |       |     7 |    12 |     3 ||    22
       Potion            |       |     1 |     3 |     1 ||     5
Armor: Robe              |     3 |     6 |       |       ||     9
       Leather armour    |       |     8 |    12 |       ||    20
       Ring mail         |       |       |    25 |    31 ||    56
Dodge: Dodged            |    24 |   117 |   145 |   126 ||   412

Table legend: (Time is in decaauts)
 A = Elapsed time spent in this place.
 B = Non-inter-level travel time spent in this place.
 C = Inter-level travel time spent in this place.
 D = Time resting spent in this place.
 E = Time spent auto-exploring this place.
 F = Levels seen in this place.
 G = Mean time per level.
                   A        B        C        D        E       F      G
               +--------+--------+--------+--------+--------+-----+--------+
         Total |  12034 |  11299 |    735 |      3 |   9300 |  10 | 1203.4 |
       Dungeon |  11926 |  11213 |    713 |      3 |   9225 |   9 | 1325.1 |
        Temple |    108 |     86 |     22 |      0 |     75 |   1 |  108.0 |
               +--------+--------+--------+--------+--------+-----+--------+

Top non-repeatable levels by time:
     D:7: 2280 daAuts
     D:3: 1874 daAuts
     D:8: 1771 daAuts
     D:6: 1476 daAuts
     D:2: 1221 daAuts
     D:1: 1212 daAuts
     D:5: 1134 daAuts
     D:4: 884 daAuts
  Temple: 108 daAuts
     D:9: 71 daAuts
